 Dungeon Crawl Stone Soup version 0.21-a0-372-gd0ff781 (webtiles) character file.

17195 qqqbard the Cruncher (level 12, -2/76 HPs)
             Began as a Gargoyle Gladiator on Oct 16, 2017.
             Was the Champion of the Shining One.
             Slain by a sixfirhy (3 damage)
             ... summoned by Frances
             ... on level 14 of the Dungeon.
             The game lasted 00:19:19 (11639 turns).

qqqbard the Cruncher (Gargoyle Gladiator)          Turns: 11639, Time: 00:19:20

Health: -2/76      AC: 30    Str: 24    XL:     12   Next: 45%
Magic:  9/17       EV: 11    Int:  8    God:    the Shining One [******]
Gold:   764        SH:  0    Dex: 11    Spells: 11/11 levels left

rFire    . . .     SeeInvis .   a - +1 quarterstaff
rCold    + . .     Gourm    .   (shield currently unavailable)
rNeg     + + +     Faith    .   v - +2 chain mail {rC+}
rPois    ∞         Spirit   .   x - +2 helmet
rElec    +         Reflect  .   (no cloak)
rCorr    .         Harm     .   h - +0 pair of gloves
MR       .....                  G - +0 pair of boots (curse)
Stlth    ..........             (no amulet)
HPRegen  0.22/turn              y - +3 ring of protection
MPRegen  0.15/turn              (no ring)

@: very slightly contaminated, glowing
A: negative energy resistance 1, electricity resistance, unbreathing,
petrification resistance, rot immunity, AC +8
a: Divine Shield, Cleansing Flame, Summon Divine Warrior, Brand Weapon With Holy
Wrath, Renounce Religion


You were on level 14 of the Dungeon.
You worshipped the Shining One.
The Shining One was exalted by your worship.
You were not hungry.

You visited 2 branches of the dungeon, and saw 14 of its levels.
You also visited: Ossuary.

You collected 778 gold pieces.
You spent 14 gold pieces at shops.

Inventory:

Hand Weapons
 a - a +1 quarterstaff (weapon)
Missiles
 d - 4 throwing nets (quivered)
Armour
 h - a +0 pair of gloves (worn)
 v - a +2 chain mail of cold resistance (worn)
 x - a +2 helmet (worn)
 G - a cursed +0 pair of boots (worn)
Magical Staves
 A - an uncursed staff of cold
Jewellery
 y - a +3 ring of protection (left hand)
 z - a cursed ring of teleportation {unknown}
 O - an uncursed ring of resist corrosion {unknown}
Wands
 w - a wand of iceblast (12/15)
 K - a wand of disintegration (17/24)
Scrolls
 b - 2 scrolls of magic mapping
 e - 8 scrolls of teleportation
 j - a scroll of summoning {unknown}
 l - 14 scrolls of identify
 n - 2 scrolls of enchant weapon
 s - 2 scrolls of fear
 t - 2 scrolls of immolation
 u - a scroll of random uselessness
 E - 2 scrolls of fog {unknown}
 F - a scroll of amnesia
 L - 5 scrolls of remove curse
 M - a scroll of vulnerability {unknown}
 P - a scroll of silence {unknown}
Potions
 c - 2 potions of flight {unknown}
 g - a potion of magic {unknown}
 k - a potion of mutation {unknown}
 m - 5 potions of ambrosia {unknown}
 o - a potion of lignification {unknown}
 p - 2 potions of resistance {unknown}
 q - 2 potions of agility {unknown}
 r - a potion of berserk rage {unknown}
 D - a potion of heal wounds
 H - a potion of brilliance {unknown}
 J - 3 potions of curing
Books
 Q - a book of Misfortune

   Spells                             Type                      Level
   a - Confusing Touch                Hexes                        1
   b - Confuse                        Hexes                        3
   c - Gell's Gravitas                Translocation                3
   d - Petrify                        Transmutation/Earth          4
   e - Metabolic Englaciation         Hexes/Ice                    5
   f - Yara's Violent Unravelling     Hexes/Transmutation          5
Miscellaneous
 R - a lamp of fire
Comestibles
 f - 7 bread rations
 i - 14 royal jellies
 B - 7 fruits
 C - 3 meat rations


   Skills:
 + Level 9.1 Fighting
 * Level 11.9 Staves
 - Level 1.7 Throwing
 + Level 7.9 Armour
 + Level 7.3 Dodging
 + Level 7.1 Invocations
 + Level 5.9 Evocations


You had 11 spell levels left.
You didn't know any spells.

Dungeon Overview and Level Annotations

Branches:
Dungeon (14/15)            Temple (1/1) D:5            Lair (0/6) D:8
    Orc (0/2) D:12
 Vaults: D:13-14

Altars:
Ashenzari
Cheibriados
Dithmenos
Elyvilon
Fedhas
Gozag
Hepliaklqana
Kikubaaqudgha
Makhleb
Nemelex Xobeh
Okawaru
Qazlal
Ru
Sif Muna
Trog
Uskayaw
Vehumet
Wu Jian
Xom
Yredelemnul
Zin
The Shining One

Shops:
D:5 !

Annotations:
D:14 Frances


Innate Abilities, Weirdness & Mutations

You are resistant to torment.
Your stone body is resilient. (AC +8)
You are immune to poison.
You resist negative energy. (rN+)
You are resistant to electric shocks. (rElec)
You can survive without breathing.
You are immune to petrification.
You are immune to rotting.


Message History

You feel somewhat more hungry. The ynoxinul closely misses you.
Frances chants phrases taken from a devil's mouth.
The shard of ice hits you! You partially resist.
You sock Frances!
Frances is severely wounded.
The ynoxinul gestures at you. The iron shot hits you!
* * * LOW HITPOINT WARNING * * *
Frances hits you with a dire flail of crushing!
The Shining One protects you from harm!
* * * LOW HITPOINT WARNING * * *
Your angel barely misses the ynoxinul.
Your angel hits the ynoxinul with a sacred scourge of holy wrath.
The ynoxinul convulses.
Blink to where?
Press: ? - help, Dir - move target cursor You are very lightly contaminated with residual magic.
As you read the scroll of blinking, it crumbles to dust.
The sixfirhy barely misses you. The sixfirhy hits you.
You die...

#..#
#..#
#..#
#..#
##..##
#...^
#...#
#..@#
#..3#
#...#
#...#
#....
#@###
#.#
#3#
####.#


You could see Frances, a sixfirhy and a ynoxinul.

Vanquished Creatures
  3 two-headed ogres
  Nergalle (D:10)
  2 ugly things
  A deep elf mage (D:12)
  2 manticores (D:12)
  2 centaur zombies
  A gargoyle (D:8)
  A komodo dragon (D:12)
  2 polar bears (D:9)
  A hornet (D:12)
  3 trolls
  A hippogriff (D:12)
  4 slime creatures (D:13)
  A wraith (D:10)
  10 yaks
  A vampire (D:13)
  A wyvern (D:10)
  2 hungry ghosts
  Grum (D:9)
  Menkaure (D:7)
  6 ice beasts
  A swamp drake (D:12)
  3 orc warriors
  2 black bears
  6 ogres
  A necrophage (D:5)
  5 phantoms
  4 sky beasts
  4 wolves (D:9)
  8 centaurs
  A crocodile (D:10)
  4 big kobolds
  A bullfrog (D:8)
  A water moccasin zombie (Ossuary)
  2 scorpions
  8 killer bees
  2 howler monkeys
  11 wights
  An electric eel (D:7)
  5 crimson imps
  A bullfrog zombie (D:7)
  7 jellies
  12 orc priests
  3 bullfrog skeletons
  3 hounds
  8 orc wizards
  2 centaur skeletons
  3 iguanas
  Natasha (D:3)
  9 worker ants
  A bullfrog simulacrum (D:9)
  2 big kobold zombies (Ossuary)
  A hound zombie (D:8)
  A hound skeleton (D:6)
  2 mummies (Ossuary)
  2 worker ant zombies
  4 adders
  2 hound simulacra (D:9)
  3 shadow imps
  A white imp (D:9)
  5 oozes (D:13)
  5 adder zombies
  3 worms
  A dart slug (D:1)
  6 leopard geckos
  53 orcs
  3 ball pythons
  7 giant cockroaches
  A gnoll zombie (Ossuary)
  10 goblins
  12 hobgoblins
  2 jackals (D:6)
  3 quokkas
  5 bats
  6 frilled lizards
  5 hobgoblin zombies (Ossuary)
  2 jackal skeletons (D:4)
  A jackal zombie (D:5)
  33 kobolds
  6 kobold zombies (Ossuary)
  A leopard gecko zombie (D:5)
  5 orc zombies (Ossuary)
  3 quokka skeletons (D:4)
  7 rats
370 creatures vanquished.

Vanquished Creatures (others)
  2 orcs (D:12)
2 creatures vanquished.

Grand Total: 372 creatures vanquished

Notes
Turn   | Place    | Note
-------+----------+-------------------------------------------
     0 | D:1      | qqqbard the Gargoyle Gladiator began the quest for the Orb.
     0 | D:1      | Reached XP level 1. HP: 12/12 MP: 1/1
   107 | D:1      | Reached XP level 2. HP: 9/18 MP: 2/2
   266 | D:1      | Reached skill level 1 in Armour
   415 | D:1      | Reached XP level 3. HP: 22/22 MP: 3/3
   989 | D:2      | Found a radiant altar of Vehumet.
  1086 | D:2      | Reached XP level 4. HP: 27/27 MP: 4/4
  1274 | D:2      | Found a white marble altar of Elyvilon.
  1276 | D:2      | Found a blossoming altar of Fedhas.
  1277 | D:2      | Found a snail-covered altar of Cheibriados.
  1277 | D:2      | Found an opulent altar of Gozag.
  1278 | D:2      | Found an ancient bone altar of Kikubaaqudgha.
  1278 | D:2      | Found a shimmering altar of Xom.
  1278 | D:2      | Found an ornate altar of the Wu Jian Council.
  1279 | D:2      | Found an iron altar of Okawaru.
  1282 | D:2      | Became a worshipper of Elyvilon the Healer
  1546 | D:3      | Reached skill level 4 in Staves
  1546 | D:3      | Reached XP level 5. HP: 24/32 MP: 5/5
  1711 | D:3      | Found a basalt altar of Yredelemnul.
  1726 | D:3      | Reached * piety under Elyvilon
  1909 | D:3      | Noticed Natasha
  1919 | D:3      | Killed Natasha
  1919 | D:3      | Reached XP level 6. HP: 26/37 MP: 6/6
  2579 | D:4      | Reached skill level 5 in Staves
  2677 | D:4      | Reached XP level 7. HP: 42/42 MP: 7/7
  2926 | D:5      | Entered Level 5 of the Dungeon
  3113 | D:5      | Reached ** piety under Elyvilon
  3142 | D:5      | Found a staircase to the Ecumenical Temple.
  3236 | D:5      | Reached skill level 5 in Armour
  3287 | Temple   | Entered the Ecumenical Temple
  3351 | Temple   | Fell from the grace of Elyvilon
  3351 | Temple   | Became a worshipper of the Shining One
  3351 | Temple   | Reached * piety under the Shining One
  3495 | D:5      | Reached XP level 8. HP: 41/48 MP: 8/8
  3504 | D:5      | Reached skill level 6 in Staves
  3520 | D:5      | Found a shadowy altar of Dithmenos.
  3755 | D:5      | Found Gat Vuom's Distillery.
  3934 | D:5      | Bought a potion of degeneration for 14 gold pieces
  3990 | D:6      | Found a hide-covered altar of Uskayaw.
  4020 | D:6      | Reached skill level 5 in Fighting
  4505 | D:6      | Reached skill level 7 in Staves
  5134 | D:7      | Reached ** piety under the Shining One
  5146 | D:7      | Reached XP level 9. HP: 49/54 MP: 9/9
  5380 | D:7      | Noticed Menkaure
  5397 | D:7      | Killed Menkaure
  5762 | D:7      | You fall through a shaft for 2 floors!
  5764 | D:9      | Noticed a polar bear
  5765 | D:9      | Noticed a polar bear
  5817 | D:8      | Reached skill level 8 in Staves
  5817 | D:8      | Reached skill level 1 in Invocations
  5826 | D:8      | Reached skill level 1 in Evocations
  5973 | D:8      | Found a sand-covered staircase.
  5984 | Ossuary  | Entered an ossuary
  6009 | Ossuary  | Reached *** piety under the Shining One
  6087 | Ossuary  | Reached **** piety under the Shining One
  6159 | D:8      | Reached skill level 5 in Dodging
  6166 | D:8      | Noticed a gargoyle
  6204 | D:8      | Reached XP level 10. HP: 43/61 MP: 11/11
  6220 | D:8      | HP: 2/61 [gargoyle/stone arrow (31)]
  6223 | D:8      | Found an opulent altar of Gozag.
  6225 | D:8      | Killed a gargoyle
  6225 | D:8      | Reached skill level 9 in Staves
  6230 | D:8      | HP: 2/61 [yak (8)]
  6251 | D:8      | The Shining One protects you from harm!
  6258 | D:7      | HP: 3/61 [yak (4)]
  7083 | D:8      | Reached ***** piety under the Shining One
  7214 | D:8      | Found a staircase to the Lair.
  7574 | D:9      | Noticed a two-headed ogre
  7604 | D:9      | Killed a two-headed ogre
  7824 | D:9      | Noticed Grum
  7860 | D:9      | Reached skill level 10 in Staves
  7888 | D:9      | Reached XP level 11. HP: 10/67 MP: 14/14
  8283 | D:9      | Killed Grum
  8522 | D:9      | Reached skill level 5 in Invocations
  8725 | D:10     | Entered Level 10 of the Dungeon
  8834 | D:10     | Noticed Nergalle
  8850 | D:10     | Noticed a spectral orc warlord
  8886 | D:10     | Killed Nergalle
  9076 | D:10     | You fall through a shaft for 3 floors!
  9775 | D:12     | Noticed a manticore
  9789 | D:12     | Killed a manticore
 10039 | D:12     | Noticed a two-headed ogre
 10052 | D:12     | Killed a two-headed ogre
 10052 | D:12     | Reached skill level 11 in Staves
 10052 | D:12     | Reached skill level 5 in Evocations
 10261 | D:12     | Noticed a manticore
 10261 | D:12     | Reached ****** piety under the Shining One
 10280 | D:12     | Killed a manticore
 10363 | D:12     | Found a staircase to the Orcish Mines.
 10397 | D:12     | Reached XP level 12. HP: 36/75 MP: 16/16
 10943 | D:13     | Noticed a two-headed ogre
 10948 | D:13     | Killed a two-headed ogre
 11620 | D:14     | Noticed Frances
 11638 | D:14     | The Shining One protects you from harm!
 11638 | D:14     | HP: 1/76 [Frances/dire flail of crushing (4)]
 11639 | D:14     | Slain by a sixfirhy

Vault maps used:
D:1:      dpeg_arrival_lava_altar, minmay_pentomino_z2
D:2:      vehumet_crystals, grunt_temple_overflow_open
D:3:      lemuel_doored_altar, uniq_natasha
D:4:      first_bread
D:5:      lemuel_crystal_altar, temple_pool_b, serial_shops, shop,
          minmay_crossroads
D:6:      kennysheep_little_box, st_stairs_12
D:7:      nrook_pool_corridor, uniq_menkaure
D:8:      lair_entry_dummy, enter_ossuary_1, basic_altar
D:9:      serial_ice, serial_ice_m, serial_ice_f, serial_ice_h, serial_ice_o,
          uniq_grum
D:10:     uniq_nergalle
D:12:     erik_orc_1
D:13:     hangedman_little_slice_of_home
D:14:     david_vaults_2, uniq_frances
Temple:   zaba_magenta_temple
Ossuary:  ossuary_tomb_2

Skill      XL: |  1  2  3  4  5  6  7  8  9 10 11 12 |
---------------+-------------------------------------+-----
Armour         | 1 2 3 4 5 6 7 |  7.9
Fighting       | 3 4 5 6 7 8 9 |  9.1
Staves         | 4 5 7 8 10 11 | 11.9
Dodging        | 3 4 5 6 7 |  7.3
Invocations    | 2 4 6 7 |  7.1
Evocations     | 2 3 5 |  5.9
Throwing       | |  1.7

Action                   |  1- 3 |  4- 6 |  7- 9 | 10-12 || total
-------------------------+-------+-------+-------+-------++-------
Melee: Quarterstaff      |   123 |   200 |   424 |   901 ||  1648
       Staff             |       |       |    40 |       ||    40
Invok: Lesser Healing    |       |       |     2 |       ||     2
       Divine Protection |       |       |     1 |       ||     1
       Summon Divine War |       |       |       |     1 ||     1
  Use: Potion            |       |       |     4 |     1 ||     5
       Scroll            |       |       |    12 |     2 ||    14
  Eat: Chunk             |     1 |     5 |    12 |    21 ||    39
       Meat ration       |       |       |       |     1 ||     1
Armor: Leather armour    |    50 |    10 |       |       ||    60
       Chain mail        |       |   130 |   353 |   633 ||  1116
Dodge: Dodged            |   131 |   109 |   241 |   525 ||  1006

Table legend:
 A = Spawn XP
 B = Non-spawn XP
 C = Spawn XP percentage of total XP
 D = Spawn monster count
 E = Non-spawn monster count
 F = Spawn count percentage of total count
 G = Total turns spent on level
                    A         B        C        D         E        F      G
               +---------+---------+-------+---------+---------+-------+---------
         Total |       0 |   24565 |   0.0 |       0 |     370 |   0.0 | 11639
               +---------+---------+-------+---------+---------+-------+---------
           D:1 |       0 |      40 |   0.0 |       0 |      24 |   0.0 |   752
           D:2 |       0 |      63 |   0.0 |       0 |      19 |   0.0 |   596
           D:3 |       0 |     246 |   0.0 |       0 |      35 |   0.0 |   745
           D:4 |       0 |     401 |   0.0 |       0 |      20 |   0.0 |   947
           D:5 |       0 |     945 |   0.0 |       0 |      18 |   0.0 |   824
           D:6 |       0 |     560 |   0.0 |       0 |      16 |   0.0 |  1149
           D:7 |       0 |    1346 |   0.0 |       0 |      24 |   0.0 |  1066
           D:8 |       0 |    3358 |   0.0 |       0 |      57 |   0.0 |  1164
           D:9 |       0 |    3745 |   0.0 |       0 |      38 |   0.0 |  1210
          D:10 |       0 |    2246 |   0.0 |       0 |      20 |   0.0 |   351
          D:12 |       0 |    6566 |   0.0 |       0 |      42 |   0.0 |  1690
          D:13 |       0 |    4849 |   0.0 |       0 |      32 |   0.0 |   852
       Ossuary |       0 |     200 |   0.0 |       0 |      25 |   0.0 |   172
               +---------+---------+-------+---------+---------+-------+---------
